 Dungeon Crawl Stone Soup version 0.31-a0-232-gb1c03b2570 (webtiles) character file.

Game seed: 3930540986216632445

2924 qw the Warrior (level 9, 0/97 HPs)
             Began as a Minotaur Hexslinger on July 7, 2023.
             Frozen to death by an endoplasm (1 damage)
             ... on level 7 of the Dungeon.
             The game lasted 00:02:57 (6447 turns).

qw the Warrior (Minotaur Hexslinger)                Turns: 6447, Time: 00:02:58

Health: 0/97       AC:  1    Str: 12    XL:     9   Next: 50%
Magic:  9/9        EV: 16    Int: 10    God:
Gold:   381        SH:  0    Dex: 18    Spells: 9/10 levels left

rFire   . . .        Y - +1 sling
rCold   + . .        (no shield)
rNeg    . . .        n - +0 ring mail {rC+}
rPois   .            e - +2 hat
rElec   .            (no cloak)
rCorr   .            b - +0 pair of gloves
SInv    +            l - +0 pair of boots
Will    .....        (no amulet)
Stlth   +            g - +5 ring of evasion
HPRegen 0.36/turn    i - ring of see invisible
MPRegen 0.11/turn

%: no passive effects
@: corroded
A: horns 2, retaliatory headbutt
a: no special abilities


You were on level 7 of the Dungeon.
You visited 2 branches of the dungeon, and saw 8 of its levels.
You also visited: Sewer.

You collected 381 gold pieces.


Innate Abilities, Weirdness & Mutations

You have a pair of horns on your head.
You reflexively headbutt those who attack you in melee.


   Skills:
 - Level 15.0 Fighting
 - Level 10.0 Ranged Weapons
 + Level 2.7 Armour
 - Level 3.1 Dodging
 - Level 1.0 Spellcasting
 - Level 2.0 Hexes


You had 9 spell levels left.
You knew the following spells:

 Your Spells              Type           Power      Damage    Failure   Level
a - Slow                  Hex            16%        N/A       32%         1

Your spell library contained the following spells:

 Spells                   Type           Power      Damage    Failure   Level
 Inner Flame              Hex/Fire       2%         N/A       83%         3
 Portal Projectile        Hex/Tloc       4%         N/A       83%         3
 Cause Fear               Hex            2%         N/A       97%         4

Inventory:

Hand Weapons
 Y - a +1 sling (weapon)
Armour
 b - a +0 pair of gloves (worn)
 e - a +2 hat (worn)
 l - a +0 pair of boots (worn)
 n - a +0 ring mail of cold resistance (worn)
Jewellery
 g - a +5 ring of evasion (left hand)
 i - a ring of see invisible (right hand)
Scrolls
 c - a scroll of identify
 m - a scroll of vulnerability {unknown}
Potions
 a - a potion of might
 d - 2 potions of curing
 f - a potion of resistance {unknown}
 h - a potion of enlightenment {unknown}
 j - a potion of heal wounds {unknown}
 k - a potion of ambrosia {unknown}

Dungeon Overview and Level Annotations

Branches:
Dungeon (7/15)             Temple (1/1) D:6           Sewer (visited)

Altars:
Ashenzari
Cheibriados
Dithmenos
Elyvilon
Fedhas
Gozag
Hepliaklqana
Kikubaaqudgha
Makhleb
Nemelex Xobeh
Qazlal
Ru
Sif Muna
Trog
Uskayaw
Vehumet
Wu Jian
Xom
Yredelemnul
Zin
The Shining One

Shops:
D:1 =   D:2 =


Message History

The jelly is almost dead.
The jelly hits you. The acid corrodes you!
You are splashed with acid!
The jelly closely misses you.
You shoot a sling bullet. The sling bullet hits the jelly.
You kill the jelly!
The jelly hits you.
You are splashed with acid.
The endoplasm closely misses you. You furiously retaliate!
You headbutt the endoplasm, but do no damage.
You shoot a sling bullet.
The sling bullet hits the jelly but does no damage.
The jelly is moderately wounded.
The jelly hits you but does no damage. The endoplasm freezes you.
You are frozen.
You resist.
You shoot a sling bullet.
The sling bullet barely misses the jelly.
The endoplasm barely misses you. The endoplasm misses you.
The jelly barely misses you.
You shoot a sling bullet.
The sling bullet hits the jelly but does no damage.
The jelly is moderately wounded.
The endoplasm freezes you.
You are frozen.
You resist. The jelly misses you. The endoplasm freezes you.
You are frozen.
You resist.
You shoot a sling bullet. The sling bullet hits the jelly!
The jelly is severely wounded.
The endoplasm misses you. The jelly hits you.
You are splashed with acid!
The endoplasm closely misses you.
You shoot a sling bullet. The sling bullet hits the jelly.
You kill the jelly!
The endoplasm barely misses you. The endoplasm closely misses you.
You shoot a sling bullet.
The sling bullet completely misses the endoplasm.
An endoplasm comes into view.
The endoplasm freezes you.
You are frozen.
You resist. The endoplasm freezes you.
You are frozen.
You resist.
You die...

#..#####.#..# #. ##
###.....##..# #..
#.#######.##..## #.# #
#...## #..#.## #..
.##....## #....# .
J...... #...## #
#....####...# .#
#.JJ..[.....####.#
######..@....###......##
......[...#.####....#...#
.........##.###.....#....
........###.....##.....##
.......####...### .....#
......# #....## #.##.##
..........##.## #.##...
...##...# ##.# #.#..##
... ##. #.## #...##


You could see 3 endoplasms.

Vanquished Creatures
  A slime creature (D:7)
  A steam dragon (D:7)
  2 ogres
  2 phantoms
  4 kobold brigands
  5 bullfrogs
  10 jellies
  A gnoll bouda (D:6)
  2 orc priests (D:6)
  A hound (D:5)
  5 iguanas
  4 orc wizards
  8 adders
  8 gnolls
  5 river rats (Sewer)
  2 ufetubi
  2 worms
  A dart slug (D:2)
  26 orcs
  9 ball pythons
  9 bats
  12 endoplasms
  6 giant cockroaches
  14 goblins
  9 hobgoblins
  A jackal (Sewer)
  14 kobolds
  6 quokkas
  13 frilled lizards
  9 rats
192 creatures vanquished.

Notes
Turn   | Place    | Note
-------+----------+-------------------------------------------
     0 | D:1      | qw the Minotaur Hexslinger began the quest for the Orb.
     0 | D:1      | Reached XP level 1. HP: 16/16 MP: 1/1
     0 | D:1      | 0 ||| qw: Version: 0.3-a-46-gb1f654a
     0 | D:1      | 0 ||| qw: Game counter: 2845
     0 | D:1      | 0 ||| qw: Melee chars always use a shield: true
     0 | D:1      | 0 ||| qw: God list: Okawaru
     0 | D:1      | 0 ||| qw: Allow faded altars: false
     0 | D:1      | 0 ||| qw: Do Orc after clearing Dungeon:15 true
     0 | D:1      | 0 ||| qw: Do second Lair branch before Depths: true
     0 | D:1      | 0 ||| qw: Lair rune preference: random
     0 | D:1      | 0 ||| qw: Goals: Normal
     0 | D:1      | 0 ||| PLANNING D:1-11
   102 | D:1      | Reached skill level 3 in Ranged Weapons
   107 | D:1      | Reached XP level 2. HP: 23/23 MP: 2/2
   141 | D:1      | Found Buroe's Jewellery Boutique.
   146 | D:1      | 146 ||| SHOPLISTING +4 ring of protection (432 gold, have
                  | 24).
   146 | D:1      | 146 ||| SHOPLISTING amulet of faith (480 gold, have 24).
   146 | D:1      | 146 ||| SHOPLISTING amulet of reflection (360 gold, have
                  | 24).
   146 | D:1      | 146 ||| SHOPLISTING amulet of regeneration (360 gold, have
                  | 24).
   146 | D:1      | 146 ||| SHOPLISTING ring "Dohethria" {Fire rPois rCorr
                  | Str+2 Stlth-} (535 gold, have 24).
   146 | D:1      | 146 ||| SHOPLISTING ring "Todeog" {Int+6 Slay+5} (768 gold,
                  | have 24).
   146 | D:1      | 146 ||| SHOPLISTING ring of Doubts {Fly Int+5 Dex+5} (546
                  | gold, have 24).
   146 | D:1      | 146 ||| SHOPLISTING ring of willpower (300 gold, have 24).
   216 | D:1      | Reached skill level 2 in Fighting
   655 | D:1      | Reached XP level 3. HP: 29/29 MP: 3/3
   687 | D:1      | 687 ||| UPGRADING to +2 hat.
   692 | D:1      | 692 ||| DROPPING scroll of poison.
   746 | D:2      | Found Utsot's Jewellery Boutique.
   754 | D:2      | 754 ||| SHOPLISTING +4 ring of slaying (858 gold, have 37).
   754 | D:2      | 754 ||| SHOPLISTING amulet of regeneration (330 gold, have
                  | 37).
   754 | D:2      | 754 ||| SHOPLISTING amulet of the acrobat (330 gold, have
                  | 37).
   754 | D:2      | 754 ||| SHOPLISTING ring of positive energy (220 gold, have
                  | 37).
   754 | D:2      | 754 ||| SHOPLISTING ring of protection from fire (275 gold,
                  | have 37).
   826 | D:2      | 826 ||| Stepping ~*~*~tactically~*~*~ (outnumbered).
  1094 | D:2      | Reached XP level 4. HP: 36/36 MP: 4/4
  1283 | D:2      | Found a faded altar of an unknown god.
  1528 | D:2      | 1528 ||| UPGRADING to +0 pair of gloves.
  1533 | D:2      | 1533 ||| UPGRADING to +0 pair of boots.
  1538 | D:2      | 1538 ||| DROPPING +6 ring of intelligence.
  1539 | D:2      | 1539 ||| DROPPING ring of flight.
  1540 | D:2      | 1540 ||| READING scroll labelled ITRONU DEROOW.
  1541 | D:2      | 1541 ||| DRINKING 2 golden potions.
  1542 | D:2      | 1542 ||| DRINKING 2 gluggy blue potions.
  1543 | D:2      | 1543 ||| DROPPING potion of brilliance.
  1544 | D:2      | 1544 ||| DROPPING potion of attraction.
  2196 | D:3      | Reached skill level 3 in Fighting
  2291 | D:3      | 2291 ||| UPGRADING to +0 ring mail.
  2301 | D:3      | 2301 ||| DROPPING +0 robe.
  2302 | D:3      | 2302 ||| READING scroll labelled GECAHO XIFUV.
  2403 | D:3      | 2403 ||| READING scroll labelled JICATE XEN QEW.
  2468 | D:4      | Reached skill level 1 in Armour
  2468 | D:4      | Reached XP level 5. HP: 44/45 MP: 5/5
  2470 | D:4      | 2470 ||| FLEEEEING.
  2471 | D:4      | 2471 ||| FLEEEEING.
  2472 | D:4      | 2472 ||| FLEEEEING.
  2473 | D:4      | 2473 ||| FLEEEEING.
  2474 | D:4      | 2474 ||| FLEEEEING.
  2475 | D:4      | 2475 ||| FLEEEEING.
  2476 | D:4      | 2476 ||| FLEEEEING.
  2477 | D:4      | 2477 ||| FLEEEEING.
  2478 | D:4      | 2478 ||| FLEEEEING.
  2480 | D:4      | 2480 ||| FLEEEEING.
  2488 | D:4      | 2488 ||| FLEEEEING.
  2489 | D:4      | 2489 ||| FLEEEEING.
  2491 | D:4      | 2491 ||| FLEEEEING.
  2492 | D:4      | 2492 ||| FLEEEEING.
  2692 | D:4      | Noticed an ogre
  2702 | D:4      | Killed an ogre
  2703 | D:4      | Reached skill level 6 in Ranged Weapons
  2703 | D:4      | Reached XP level 6. HP: 33/51 MP: 6/6
  2703 | D:4      | 2703 ||| FLEEEEING.
  2704 | D:4      | 2704 ||| FLEEEEING.
  2705 | D:4      | 2705 ||| FLEEEEING.
  2706 | D:4      | 2706 ||| FLEEEEING.
  2707 | D:4      | 2707 ||| FLEEEEING.
  2708 | D:4      | 2708 ||| FLEEEEING.
  2709 | D:4      | 2709 ||| FLEEEEING.
  2710 | D:4      | 2710 ||| FLEEEEING.
  2711 | D:4      | 2711 ||| FLEEEEING.
  2712 | D:4      | 2712 ||| FLEEEEING.
  2713 | D:4      | 2713 ||| FLEEEEING.
  2714 | D:4      | 2714 ||| FLEEEEING.
  2734 | D:4      | 2734 ||| FLEEEEING.
  2874 | D:4      | Reached skill level 4 in Fighting
  3195 | D:4      | 3195 ||| UPGRADING to +5 ring of evasion.
  3196 | D:4      | 3196 ||| READING scroll labelled WULEEN MOJI.
  3197 | D:4      | 3197 ||| READING scroll labelled CEIGOE ESUT.
  3214 | D:5      | Entered Level 5 of the Dungeon
  3335 | D:5      | Reached XP level 7. HP: 56/59 MP: 7/7
  3901 | D:5      | 3901 ||| UPGRADING to +0 ring mail of cold resistance.
  3911 | D:5      | 3911 ||| DROPPING +0 ring mail.
  3912 | D:5      | 3912 ||| READING scroll labelled HOEFEL DUOHUM.
  3913 | D:5      | 3913 ||| READING scroll labelled MUSYSI QARUCHU.
  3914 | D:5      | 3914 ||| READING scroll labelled PUPLOS LENIGO.
  3915 | D:5      | 3915 ||| READING 4 scrolls of identify.
  3915 | D:5      | 3915 ||| IDENTIFYING purple potion
  3916 | D:5      | 3916 ||| READING 3 scrolls of identify.
  3916 | D:5      | 3916 ||| IDENTIFYING sapphire potion
  3917 | D:5      | 3917 ||| READING 2 scrolls of identify.
  3917 | D:5      | 3917 ||| IDENTIFYING emerald potion
  3918 | D:5      | 3918 ||| DROPPING potion of magic.
  3919 | D:5      | 3919 ||| DROPPING potion of lignification.
  3944 | D:6      | 3944 ||| PLANNING SEWER
  3993 | D:6      | Found a glowing drain.
  3994 | D:6      | 3994 ||| READING 2 scrolls of identify.
  3994 | D:6      | 3994 ||| IDENTIFYING grey potion
  3995 | D:6      | 3995 ||| DRINKING potion of experience.
  3995 | D:6      | Reached skill level 15 in Fighting
  3995 | D:6      | Reached XP level 8. HP: 91/91 MP: 8/8
  4002 | Sewer    | Entered a sewer
  4284 | Sewer    | 4284 ||| Stepping ~*~*~tactically~*~*~ (water).
  4522 | D:6      | 4522 ||| PLANNING D:1-11
  4731 | D:6      | Found a staircase to the Ecumenical Temple.
  4732 | D:6      | 4732 ||| PLANNING TEMPLE
  4732 | D:6      | 4732 ||| READING 2 scrolls labelled JEAKIPSUNA.
  4733 | D:6      | 4733 ||| DROPPING scroll of amnesia.
  4739 | Temple   | Entered the Ecumenical Temple
  4947 | Temple   | 4947 ||| PLANNING D:1-11
  5130 | D:6      | 5130 ||| FLEEEEING.
  5172 | D:6      | Reached skill level 9 in Ranged Weapons
  5172 | D:6      | Reached XP level 9. HP: 56/97 MP: 9/9
  5172 | D:6      | 5172 ||| DRINKING potion of curing.
  5172 | D:6      | 5172 ||| (to cure confusion)
  5459 | D:6      | Reached skill level 3 in Dodging
  5622 | D:6      | Found a bloodstained altar of Trog.
  5625 | D:6      | Found a white marble altar of Elyvilon.
  5626 | D:6      | Found a sparkling altar of Nemelex Xobeh.
  5632 | D:6      | Found a burning altar of Makhleb.
  5635 | D:6      | Found a glowing golden altar of the Shining One.
  5638 | D:6      | Found a blossoming altar of Fedhas.
  5641 | D:6      | Found a shimmering altar of Xom.
  5645 | D:6      | Found a sacrificial altar of Ru.
  5700 | D:6      | 5700 ||| UPGRADING to ring of see invisible.
  5701 | D:6      | 5701 ||| DRINKING 2 blue potions.
  6400 | D:7      | 6400 ||| Stepping ~*~*~tactically~*~*~ (cloud).
  6402 | D:7      | 6402 ||| Stepping ~*~*~tactically~*~*~ (cloud).
  6440 | D:7      | HP: 20/97 [acid (8)]
  6445 | D:7      | HP: 8/97 [jelly (2)]
  6445 | D:7      | HP: 1/97 [acid (7)]
  6447 | D:7      | Frozen to death by an endoplasm

Levels and vault maps discovered:
D:1:      co_arrival_square_in_a_square_in_a_square, layout_loops_ring,
          serial_shops, shop
D:2:      layout_loops_ring, serial_shops, shop,
          shapermc_ecumenical_altar_mp_vishouse, guppyfry_early_orc_mine
D:3:      layout_basic
D:4:      layout_basic
D:5:      layout_gridville, chequers_garden, corexii_shack
D:6:      nicolae_cairo_tiling, layout_loops_ring,
          nicolae_overflow_hallway_of_the_gods, minmay_temple_entry_butterflies,
          portal_sewer_entry_b
D:7:      lemuel_slime, layout_layer_cave
Temple:   nicolae_temple_figure_eight

Skill      XL: |  1  2  3  4  5  6  7  8  9 |
---------------+----------------------------+-----
Ranged Weapons | 3 4 5 6 7 8 9 10 | 10.0
Fighting       | 2 3 4 15 | 15.0
Armour         | 1 2 |  2.7
Dodging        | 3 |  3.1
Spellcasting   | |  1.0
Hexes          | |  2.0

Action                     |  1- 3 |  4- 6 |  7- 9 || total
---------------------------+-------+-------+-------++-------
   Fire: Sling             |   142 |   219 |   363 ||   724
    Use: Scroll            |       |     5 |     8 ||    13
         Potion            |       |     2 |     3 ||     5
 Armour: Robe              |     8 |    14 |       ||    22
         Ring mail         |       |    38 |    77 ||   115
  Dodge: Dodged            |    48 |    64 |   177 ||   289

Table legend:
 A = Non-vault XP
 B = Vault XP
 C = Vault XP percentage of total XP
 D = Non-vault monster count
 E = Vault monster count
 F = Vault count percentage of total count
                 A         B        C        D         E       F
            +---------+---------+-------+---------+---------+-------
      Total |    2353 |     836 |  26.2 |     143 |      49 |  25.5
            +---------+---------+-------+---------+---------+-------
        D:1 |      46 |       0 |   0.0 |      26 |       0 |   0.0
        D:2 |      48 |      17 |  26.2 |      20 |       7 |  25.9
        D:3 |      73 |       0 |   0.0 |      26 |       0 |   0.0
        D:4 |     412 |       0 |   0.0 |      22 |       0 |   0.0
        D:5 |     433 |       2 |   0.5 |       8 |       1 |  11.1
        D:6 |     903 |       5 |   0.6 |      30 |       4 |  11.8
        D:7 |     438 |     509 |  53.7 |      11 |      14 |  56.0
      Sewer |       0 |     303 | 100.0 |       0 |      23 | 100.0
            +---------+---------+-------+---------+---------+-------
